[ AOE2 MATCH · #469739010 ]
UnrankedEthiopians vs Britons
[ REPLAY ANALYSIS · EXTRACTED FROM THE RECORDED GAME ]
Feudal
13:15
Castle
22:02
Imperial
29:31
| APM avg | 13.9 |
| APM peak | 49 |
| eAPM avg | 11.5 |
| Villagers / military | 103 / 300 |
Focus
⚔️ 28.3% · 🌾 71.7%
Scout Cavalry ×75 · Spearman ×64 · Shotel Warrior ×57 · Archer ×50 · Skirmisher ×50 · Bombard Cannon ×4
Feudal
16:00
Castle
26:05
Imperial
46:22
| APM avg | 16.6 |
| APM peak | 55 |
| eAPM avg | 11.3 |
| Villagers / military | 90 / 173 |
Focus
⚔️ 31.5% · 🌾 68.5%
Longbowman ×110 · Skirmisher ×31 · Fishing Ship ×22 · Trade Cart ×14 · Archer ×12 · Spearman ×10
Feudal
11:25
Castle
17:45
Imperial
40:07
| APM avg | 22.5 |
| APM peak | 60 |
| eAPM avg | 15.6 |
| Villagers / military | 100 / 154 |
Focus
⚔️ 33.7% · 🌾 66.3%
Scout Cavalry ×61 · Camel Scout ×47 · Janissary ×32 · Trade Cart ×16 · Monk ×6 · Mangonel ×3
Feudal
19:06
Castle
26:11
Imperial
31:08
| APM avg | 18.3 |
| APM peak | 38 |
| eAPM avg | 13.3 |
| Villagers / military | 112 / 217 |
Focus
⚔️ 34.1% · 🌾 65.9%
Petard ×96 · Bolas Rider ×35 · Spearman ×30 · Skirmisher ×30 · Trade Cart ×29 · Kona ×20
Feudal
15:08
Castle
25:22
Imperial
33:54
| APM avg | 14.1 |
| APM peak | 48 |
| eAPM avg | 10.4 |
| Villagers / military | 81 / 162 |
Focus
⚔️ 45.7% · 🌾 54.3%
Knight ×154 · Trade Cart ×14 · Monk ×4 · Bombard Cannon ×4
Feudal
13:54
Castle
20:43
Imperial
35:29
| APM avg | 14.5 |
| APM peak | 92 |
| eAPM avg | 13.9 |
| Villagers / military | 127 / 186 |
Focus
⚔️ 43.1% · 🌾 56.9%
Spearman ×112 · Arambai ×41 · Battle Elephant ×31 · Trade Cart ×19 · Fishing Ship ×11 · Monk ×2
Feudal
13:42
Castle
17:28
Imperial
32:38
| APM avg | 20.7 |
| APM peak | 48 |
| eAPM avg | 16.2 |
| Villagers / military | 137 / 142 |
Focus
⚔️ 14.7% · 🌾 85.3%
War Elephant ×77 · Knight ×65 · Trade Cart ×35
Feudal
13:29
Castle
23:45
Imperial
38:06
| APM avg | 39.0 |
| APM peak | 79 |
| eAPM avg | 18.8 |
| Villagers / military | 74 / 263 |
Focus
⚔️ 40.0% · 🌾 60.0%
Militia ×195 · Spearman ×38 · Fishing Ship ×24 · Battering Ram ×15 · Mangonel ×8 · Scorpion ×5
Match map
Initial resources + every placement click. Lines = walls · curves = elevation contours. ◆ gold · ⬟ stone · ● berries · ✦ relic · ◌ wall gap
Your base· ✓ Closed at 22:02 · 18t walls · 2 gate(s)
kylebakerclark's base· ✓ Closed at 26:05 · 75t walls · 2 gate(s)
mathias.olmos.r's base· ✓ Closed at 17:45 · 39t walls · 1 gate(s)
Whitespooky's base· ✓ Closed at 26:11 · 0t walls · 1 gate(s)
Elsabrielle's base· ✓ Closed at 25:22 · 15t walls · 1 gate(s)
TrueCrime's base· ✓ Closed at 20:43 · 21t walls · 1 gate(s)
dylanbaker321's base· ✓ Closed at 17:28 · 0t walls · fragile
demir perde's base· ✓ Closed at 23:45 · 3t walls · 1 gate(s)
Smoothed initial terrain · ◌ = detected wall gap · hover for details
Inputs per minute
— ftgiants - - kylebakerclark
Build order — ftgiants
First 150 of 343 actions detected
| 0:15 | Build | House |
| 0:40 | Create | Villager (Male) |
| 0:41 | Create | Villager (Male) |
| 0:41 | Create | Villager (Male) |
| 0:41 | Create | Villager (Male) |
| 0:42 | Create | Villager (Male) |
| 0:42 | Create | Villager (Male) |
| 1:27 | Build | House |
| 2:20 | Research | Loom |
| 2:44 | Create | Villager (Male) |
| 2:44 | Create | Villager (Male) |
| 2:44 | Create | Villager (Male) |
| 3:12 | Build | House |
| 3:29 | Build | Palisade Wall |
| 3:48 | Create | Villager (Male) |
| 3:48 | Create | Villager (Male) |
| 3:48 | Create | Villager (Male) |
| 4:02 | Build | Palisade Wall |
| 4:05 | Build | Palisade Wall |
| 4:06 | Build | Palisade Wall |
| 4:18 | Build | Palisade Wall |
| 4:23 | Create | Villager (Male) |
| 4:23 | Create | Villager (Male) |
| 4:23 | Create | Villager (Male) |
| 4:23 | Create | Villager (Male) |
| 5:12 | Build | Palisade Wall |
| 5:16 | Create | Villager (Male) |
| 5:17 | Create | Villager (Male) |
| 5:17 | Create | Villager (Male) |
| 5:35 | Create | Villager (Male) |
| 5:36 | Create | Villager (Male) |
| 5:50 | Build | Palisade Wall |
| 5:55 | Build | Palisade Gate |
| 5:59 | Create | Villager (Male) |
| 6:00 | Create | Villager (Male) |
| 6:00 | Create | Villager (Male) |
| 6:42 | Create | Villager (Male) |
| 6:42 | Create | Villager (Male) |
| 6:42 | Create | Villager (Male) |
| 7:12 | Build | Mill |
| 7:18 | Create | Villager (Male) |
| 7:18 | Create | Villager (Male) |
| 7:19 | Create | Villager (Male) |
| 8:00 | Create | Villager (Male) |
| 8:00 | Create | Villager (Male) |
| 8:11 | Create | Villager (Male) |
| 8:46 | Create | Villager (Male) |
| 8:59 | Build | Lumber Camp |
| 9:11 | Build | House |
| 9:19 | Create | Villager (Male) |
| 9:41 | Create | Villager (Male) |
| 10:09 | Create | Villager (Male) |
| 10:42 | Build | Mill |
| 11:05 | Research | Feudal Age |
| 11:06 | Research | Feudal Age |
| 11:06 | Research | Feudal Age |
| 11:53 | Build | House |
| 11:56 | Build | Palisade Wall |
| 12:39 | Create | Villager (Male) |
| 12:45 | Create | Villager (Male) |
| 13:15 | Age | Feudal Age |
| 13:26 | Research | Double-Bit Axe |
| 13:43 | Build | Barracks |
| 13:49 | Build | Stone Wall |
| 13:55 | Create | Villager (Male) |
| 14:03 | Build | House |
| 14:11 | Build | Mining Camp |
| 14:15 | Create | Villager (Male) |
| 14:48 | Create | Villager (Male) |
| 14:48 | Create | Villager (Male) |
| 15:01 | Build | Archery Range |
| 15:33 | Build | House |
| 15:49 | Build | Blacksmith |
| 15:54 | Create | Villager (Male) |
| 15:54 | Create | Villager (Male) |
| 16:26 | Build | Farm |
| 16:31 | Build | Farm |
| 16:36 | Build | Farm |
| 16:39 | Create | Villager (Male) |
| 16:39 | Create | Villager (Male) |
| 16:47 | Build | Farm |
| 16:49 | Build | Farm |
| 16:54 | Create | Villager (Male) |
| 17:04 | Build | Stone Wall |
| 17:16 | Build | Gate |
| 17:21 | Build | Farm |
| 17:23 | Create | Villager (Male) |
| 17:27 | Build | Farm |
| 17:28 | Build | Farm |
| 17:45 | Build | Farm |
| 17:48 | Build | Farm |
| 17:52 | Build | Farm |
| 18:05 | Build | Farm |
| 18:25 | Build | House |
| 18:31 | Build | Farm |
| 18:46 | Create | Villager (Male) |
| 18:52 | Build | Farm |
| 18:56 | Build | Farm |
| 19:15 | Build | Farm |
| 19:22 | Research | Castle Age |
| 19:50 | Research | Horse Collar |
| 20:38 | Research | Gold Mining |
| 20:48 | Research | Wheelbarrow |
| 20:51 | Create | Villager (Male) |
| 20:52 | Create | Villager (Male) |
| 22:02 | Age | Castle Age |
| 22:04 | Build | Town Center |
| 23:04 | Create | Villager (Male) |
| 23:11 | Create | Villager (Male) |
| 23:12 | Create | Villager (Male) |
| 23:12 | Create | Villager (Male) |
| 23:17 | Build | Farm |
| 23:20 | Build | Farm |
| 23:35 | Research | Stone Mining |
| 23:50 | Build | University |
| 23:53 | Build | Farm |
| 24:03 | Create | Villager (Male) |
| 24:07 | Research | Hand Cart |
| 24:12 | Build | Farm |
| 24:33 | Build | Siege Workshop |
| 25:12 | Create | Villager (Male) |
| 25:13 | Create | Villager (Male) |
| 25:21 | Create | Villager (Male) |
| 25:21 | Create | Villager (Male) |
| 25:39 | Build | House |
| 25:40 | Build | House |
| 25:51 | Build | House |
| 26:07 | Build | Mining Camp |
| 26:21 | Research | Imperial Age |
| 26:28 | Research | Gold Shaft Mining |
| 26:45 | Create | Villager (Male) |
| 26:46 | Create | Villager (Male) |
| 26:46 | Create | Villager (Male) |
| 26:46 | Create | Villager (Male) |
| 26:47 | Create | Villager (Male) |
| 26:47 | Create | Villager (Male) |
| 27:06 | Research | Heavy Plow |
| 27:15 | Build | Lumber Camp |
| 28:42 | Build | House |
| 28:43 | Build | House |
| 28:54 | Create | Villager (Male) |
| 28:54 | Create | Villager (Male) |
| 29:09 | Build | Mining Camp |
| 29:21 | Research | Bow Saw |
| 29:31 | Age | Imperial Age |
| 29:34 | Create | Villager (Male) |
| 29:35 | Create | Villager (Male) |
| 29:35 | Create | Villager (Male) |
| 29:40 | Build | Farm |
| 29:45 | Build | Farm |
Build order — kylebakerclark
First 150 of 274 actions detected
| 0:02 | Create | Villager (Male) |
| 0:03 | Create | Villager (Male) |
| 0:03 | Research | Loom |
| 0:03 | Create | Villager (Male) |
| 0:04 | Create | Villager (Male) |
| 0:09 | Build | House |
| 0:10 | Build | House |
| 1:25 | Build | Palisade Wall |
| 3:24 | Create | Villager (Male) |
| 3:24 | Create | Villager (Male) |
| 4:02 | Create | Villager (Male) |
| 4:02 | Create | Villager (Male) |
| 4:31 | Create | Villager (Male) |
| 4:32 | Create | Villager (Male) |
| 5:00 | Create | Villager (Male) |
| 5:00 | Create | Villager (Male) |
| 5:25 | Create | Villager (Male) |
| 5:26 | Create | Villager (Male) |
| 5:33 | Build | Lumber Camp |
| 5:40 | Create | Villager (Male) |
| 5:41 | Create | Villager (Male) |
| 5:55 | Create | Villager (Male) |
| 5:55 | Create | Villager (Male) |
| 5:55 | Create | Villager (Male) |
| 6:30 | Build | House |
| 6:31 | Build | House |
| 6:36 | Build | House |
| 6:47 | Create | Villager (Male) |
| 6:47 | Create | Villager (Male) |
| 6:47 | Create | Villager (Male) |
| 8:04 | Build | Mill |
| 8:09 | Create | Villager (Male) |
| 8:09 | Create | Villager (Male) |
| 8:09 | Create | Villager (Male) |
| 8:45 | Build | Lumber Camp |
| 9:14 | Create | Villager (Male) |
| 9:15 | Create | Villager (Male) |
| 9:15 | Create | Villager (Male) |
| 9:33 | Create | Villager (Male) |
| 9:33 | Create | Villager (Male) |
| 10:21 | Create | Villager (Male) |
| 10:21 | Create | Villager (Male) |
| 10:21 | Create | Villager (Male) |
| 10:21 | Create | Villager (Male) |
| 10:35 | Build | Barracks |
| 12:18 | Create | Villager (Male) |
| 12:19 | Create | Villager (Male) |
| 13:18 | Build | Palisade Wall |
| 13:45 | Build | Palisade Wall |
| 13:50 | Research | Feudal Age |
| 14:01 | Build | Dock |
| 14:04 | Build | Dock |
| 14:36 | Build | Mining Camp |
| 14:47 | Build | Mill |
| 15:10 | Create | Fishing Ship |
| 15:10 | Create | Fishing Ship |
| 15:35 | Build | House |
| 15:36 | Build | House |
| 15:38 | Build | House |
| 15:38 | Build | House |
| 15:39 | Build | House |
| 15:47 | Create | Villager (Male) |
| 15:48 | Create | Villager (Male) |
| 15:48 | Create | Villager (Male) |
| 15:48 | Create | Villager (Male) |
| 15:49 | Create | Villager (Male) |
| 15:50 | Create | Villager (Male) |
| 15:51 | Create | Villager (Male) |
| 16:00 | Age | Feudal Age |
| 16:10 | Build | Archery Range |
| 16:11 | Build | Archery Range |
| 16:12 | Build | Archery Range |
| 16:23 | Create | Spearman |
| 16:39 | Research | Double-Bit Axe |
| 16:53 | Build | Blacksmith |
| 17:03 | Create | Fishing Ship |
| 17:03 | Create | Fishing Ship |
| 17:04 | Create | Fishing Ship |
| 17:06 | Create | Fishing Ship |
| 17:53 | Build | Stone Wall |
| 18:04 | Build | Gate |
| 18:09 | Build | Gate |
| 18:28 | Build | Market |
| 18:32 | Create | Villager (Male) |
| 18:32 | Create | Villager (Male) |
| 18:33 | Create | Villager (Male) |
| 18:33 | Create | Villager (Male) |
| 18:48 | Research | Tech 906 |
| 18:59 | Build | Fish Trap |
| 19:39 | Create | Fishing Ship |
| 19:40 | Create | Fishing Ship |
| 19:42 | Create | Fishing Ship |
| 19:43 | Create | Fishing Ship |
| 20:08 | Build | Market |
| 20:12 | Build | Market |
| 20:54 | Build | Fish Trap |
| 21:03 | Create | Archer ×5 |
| 21:06 | Create | Archer |
| 21:14 | Research | Fletching |
| 21:27 | Build | Fish Trap |
| 21:34 | Create | Fishing Ship |
| 21:35 | Create | Fishing Ship |
| 21:41 | Build | Fish Trap |
| 22:22 | Build | Stone Wall |
| 22:24 | Build | Stone Wall |
| 22:35 | Build | Fish Trap |
| 22:40 | Build | Fish Trap |
| 22:44 | Build | Fish Trap |
| 22:51 | Build | Fish Trap |
| 22:57 | Build | Fish Trap |
| 23:01 | Build | Fish Trap |
| 23:22 | Build | Mining Camp |
| 23:25 | Research | Castle Age |
| 23:59 | Create | Skirmisher ×5 |
| 24:00 | Create | Skirmisher ×5 |
| 24:13 | Build | House |
| 24:14 | Build | House |
| 24:15 | Build | House |
| 24:17 | Build | House |
| 24:19 | Build | House |
| 24:20 | Build | House |
| 24:35 | Build | Stone Wall |
| 25:14 | Build | Fish Trap |
| 25:23 | Build | Fish Trap |
| 25:36 | Research | Stone Mining |
| 25:45 | Research | Gold Mining |
| 25:50 | Create | Fishing Ship |
| 25:50 | Create | Fishing Ship |
| 26:05 | Age | Castle Age |
| 26:09 | Research | Gillnets |
| 26:19 | Create | Villager (Male) |
| 26:19 | Create | Villager (Male) |
| 26:20 | Create | Villager (Male) |
| 26:20 | Create | Villager (Male) |
| 26:20 | Create | Villager (Male) |
| 26:20 | Create | Villager (Male) |
| 27:18 | Build | Town Center |
| 27:25 | Build | Town Center |
| 27:43 | Research | Bodkin Arrow |
| 27:50 | Research | Crossbowman (upgrade) |
| 27:52 | Research | Elite Skirmisher (upgrade) |
| 27:54 | Create | Archer ×5 |
| 27:57 | Create | Archer |
| 28:22 | Build | Fish Trap |
| 28:28 | Build | Fish Trap |
| 28:32 | Create | Fishing Ship |
| 28:32 | Create | Fishing Ship |
| 28:44 | Create | Spearman |
| 28:45 | Create | Spearman |
| 28:45 | Create | Spearman |
Build order — mathias.olmos.r
First 150 of 418 actions detected
| 0:02 | Create | Villager (Male) |
| 0:02 | Create | Villager (Male) |
| 0:04 | Build | House |
| 0:06 | Build | House |
| 0:38 | Create | Villager (Male) |
| 0:54 | Research | Loom |
| 1:19 | Create | Villager (Male) |
| 1:41 | Create | Villager (Male) |
| 2:12 | Create | Villager (Male) |
| 2:47 | Create | Villager (Male) |
| 3:13 | Create | Villager (Male) |
| 3:17 | Build | Lumber Camp |
| 3:21 | Create | Villager (Male) |
| 4:06 | Create | Villager (Male) |
| 4:20 | Build | House |
| 4:27 | Create | Villager (Male) |
| 4:44 | Build | Mill |
| 4:50 | Create | Villager (Male) |
| 5:05 | Create | Villager (Male) |
| 5:50 | Create | Villager (Male) |
| 6:38 | Create | Villager (Male) |
| 6:38 | Create | Villager (Male) |
| 7:14 | Build | House |
| 7:25 | Create | Villager (Male) |
| 7:58 | Create | Villager (Male) |
| 8:25 | Create | Villager (Male) |
| 8:27 | Create | Villager (Male) |
| 8:36 | Build | House |
| 9:13 | Research | Feudal Age |
| 9:29 | Build | Mining Camp |
| 9:47 | Build | Mill |
| 10:43 | Build | Palisade Wall |
| 11:25 | Age | Feudal Age |
| 11:30 | Create | Villager (Male) |
| 11:31 | Create | Villager (Male) |
| 11:47 | Build | Market |
| 11:51 | Build | Blacksmith |
| 12:10 | Build | Stone Wall |
| 12:22 | Build | Stone Wall |
| 12:27 | Build | Gate |
| 12:33 | Create | Villager (Male) |
| 12:34 | Create | Villager (Male) |
| 13:46 | Build | Stone Wall |
| 14:15 | Create | Villager (Male) |
| 14:16 | Create | Villager (Male) |
| 14:27 | Build | House |
| 14:28 | Build | House |
| 14:29 | Build | House |
| 14:29 | Build | House |
| 14:49 | Research | Castle Age |
| 14:59 | Research | Double-Bit Axe |
| 15:02 | Research | Horse Collar |
| 16:13 | Research | Stone Mining |
| 16:40 | Create | Villager (Male) |
| 17:38 | Create | Villager (Male) |
| 17:45 | Age | Castle Age |
| 17:48 | Build | Town Center |
| 18:03 | Build | Town Center |
| 18:12 | Create | Villager (Male) |
| 18:36 | Create | Villager (Male) |
| 19:29 | Create | Villager (Male) |
| 19:31 | Create | Villager (Male) |
| 19:35 | Research | Gold Mining |
| 19:42 | Build | Farm |
| 19:45 | Build | Farm |
| 20:00 | Build | Farm |
| 20:46 | Build | Castle |
| 21:11 | Create | Villager (Male) |
| 21:11 | Create | Villager (Male) |
| 21:11 | Create | Villager (Male) |
| 21:12 | Create | Villager (Male) |
| 21:12 | Create | Villager (Male) |
| 21:16 | Build | Farm |
| 21:18 | Build | Farm |
| 21:21 | Build | Farm |
| 21:23 | Build | Farm |
| 21:25 | Build | Farm |
| 21:29 | Build | Farm |
| 21:44 | Build | Farm |
| 22:07 | Build | House |
| 22:08 | Build | House |
| 22:10 | Create | Villager (Male) |
| 22:10 | Create | Villager (Male) |
| 22:17 | Build | Farm |
| 22:20 | Create | Villager (Male) |
| 22:22 | Create | Villager (Male) |
| 22:52 | Build | Barracks |
| 22:53 | Create | Janissary |
| 23:09 | Create | Villager (Male) |
| 23:09 | Create | Villager (Male) |
| 23:09 | Create | Villager (Male) |
| 23:14 | Build | Farm |
| 23:17 | Build | Farm |
| 23:19 | Build | Farm |
| 23:27 | Build | Farm |
| 23:34 | Build | Farm |
| 23:35 | Create | Villager (Male) |
| 23:36 | Create | Villager (Male) |
| 24:05 | Build | Siege Workshop |
| 24:09 | Create | Janissary |
| 24:18 | Create | Janissary |
| 24:28 | Build | Monastery |
| 24:37 | Create | Janissary |
| 24:42 | Create | Villager (Male) |
| 24:42 | Create | Villager (Male) |
| 24:44 | Build | Farm |
| 24:45 | Build | Farm |
| 24:51 | Create | Villager (Male) |
| 25:02 | Create | Mangonel |
| 25:18 | Build | Lumber Camp |
| 25:25 | Create | Villager (Male) |
| 25:26 | Create | Villager (Male) |
| 25:29 | Research | Town Watch |
| 25:43 | Research | Wheelbarrow |
| 25:46 | Build | Farm |
| 25:47 | Create | Villager (Male) |
| 26:10 | Create | Janissary |
| 26:14 | Create | Villager (Male) |
| 26:53 | Research | Gold Shaft Mining |
| 27:02 | Create | Battering Ram |
| 27:14 | Create | Janissary |
| 27:18 | Create | Villager (Male) |
| 27:18 | Create | Villager (Male) |
| 27:19 | Create | Villager (Male) |
| 27:28 | Create | Monk |
| 27:33 | Create | Villager (Male) |
| 27:33 | Create | Villager (Male) |
| 27:47 | Create | Janissary |
| 28:16 | Create | Janissary |
| 28:18 | Create | Janissary |
| 28:21 | Create | Mangonel |
| 28:24 | Create | Villager (Male) |
| 28:24 | Create | Villager (Male) |
| 28:35 | Build | Mining Camp |
| 28:36 | Create | Villager (Male) |
| 28:38 | Create | Villager (Male) |
| 28:52 | Create | Janissary |
| 29:17 | Create | Janissary |
| 29:19 | Create | Janissary |
| 29:29 | Build | Stable |
| 29:30 | Build | Stable |
| 29:31 | Build | Stable |
| 30:25 | Create | Scout Cavalry |
| 30:25 | Create | Scout Cavalry |
| 30:26 | Create | Scout Cavalry |
| 30:27 | Create | Scout Cavalry |
| 30:55 | Research | Bloodlines |
| 31:05 | Create | Mangonel |
| 31:07 | Create | Villager (Male) |
| 31:07 | Create | Villager (Male) |
Build order — Whitespooky
First 150 of 353 actions detected
| 0:02 | Create | Villager (Male) |
| 0:02 | Create | Villager (Male) |
| 0:02 | Create | Villager (Male) |
| 0:02 | Create | Villager (Male) |
| 0:09 | Build | House |
| 0:12 | Build | House |
| 0:14 | Build | House |
| 1:46 | Create | Villager (Male) |
| 2:16 | Create | Villager (Male) |
| 2:16 | Create | Villager (Male) |
| 2:50 | Build | House |
| 2:55 | Create | Villager (Male) |
| 2:56 | Create | Villager (Male) |
| 3:23 | Create | Villager (Male) |
| 5:10 | Build | House |
| 5:20 | Create | Villager (Male) |
| 5:20 | Create | Villager (Male) |
| 5:21 | Create | Villager (Male) |
| 5:21 | Create | Villager (Male) |
| 5:35 | Create | Villager (Male) |
| 5:35 | Create | Villager (Male) |
| 6:11 | Build | Palisade Gate |
| 6:17 | Build | House |
| 6:39 | Create | Villager (Male) |
| 6:39 | Create | Villager (Male) |
| 6:39 | Create | Villager (Male) |
| 6:54 | Create | Villager (Male) |
| 8:36 | Create | Villager (Male) |
| 8:36 | Create | Villager (Male) |
| 8:36 | Create | Villager (Male) |
| 8:39 | Create | Villager (Male) |
| 8:39 | Create | Villager (Male) |
| 8:42 | Create | Villager (Male) |
| 8:43 | Create | Villager (Male) |
| 8:43 | Create | Villager (Male) |
| 9:13 | Create | Villager (Male) |
| 9:13 | Create | Villager (Male) |
| 9:39 | Create | Villager (Male) |
| 10:02 | Create | Villager (Male) |
| 10:39 | Build | Settlement |
| 10:51 | Create | Villager (Male) |
| 11:17 | Build | Settlement |
| 11:27 | Create | Villager (Male) |
| 11:27 | Create | Villager (Male) |
| 11:27 | Create | Villager (Male) |
| 11:28 | Create | Villager (Male) |
| 11:28 | Create | Villager (Male) |
| 11:30 | Create | Villager (Male) |
| 11:30 | Create | Villager (Male) |
| 11:30 | Create | Villager (Male) |
| 13:03 | Build | Farm |
| 13:10 | Build | Farm |
| 13:21 | Create | Villager (Male) |
| 14:29 | Build | Farm |
| 14:47 | Build | Settlement |
| 15:12 | Research | Feudal Age |
| 15:37 | Build | Barracks |
| 16:06 | Build | Farm |
| 16:11 | Build | Farm |
| 16:17 | Build | Settlement |
| 16:19 | Build | Farm |
| 16:36 | Build | Settlement |
| 16:38 | Build | Farm |
| 16:41 | Build | Farm |
| 17:01 | Build | Farm |
| 17:19 | Build | Farm |
| 17:51 | Create | Villager (Male) |
| 17:51 | Create | Villager (Male) |
| 17:52 | Create | Villager (Male) |
| 17:52 | Create | Villager (Male) |
| 17:53 | Create | Villager (Male) |
| 18:00 | Build | Settlement |
| 18:34 | Build | Settlement |
| 18:38 | Build | Farm |
| 19:06 | Age | Feudal Age |
| 19:14 | Research | Horse Collar |
| 19:14 | Research | Double-Bit Axe |
| 19:15 | Research | Gold Mining |
| 19:16 | Research | Stone Mining |
| 19:20 | Create | Spearman ×5 |
| 19:21 | Create | Skirmisher ×5 |
| 19:53 | Build | Archery Range |
| 20:16 | Build | Farm |
| 20:41 | Build | Blacksmith |
| 21:14 | Build | Settlement |
| 21:26 | Create | Villager (Male) |
| 21:27 | Create | Villager (Male) |
| 21:27 | Create | Villager (Male) |
| 21:27 | Create | Villager (Male) |
| 21:27 | Create | Villager (Male) |
| 21:37 | Research | Wheelbarrow |
| 21:37 | Research | Wheelbarrow |
| 22:28 | Build | Settlement |
| 22:42 | Research | Castle Age |
| 26:11 | Age | Castle Age |
| 26:20 | Build | Monastery |
| 26:24 | Build | University |
| 26:41 | Build | Town Center |
| 26:48 | Research | Heavy Plow |
| 26:48 | Research | Bow Saw |
| 26:49 | Research | Gold Shaft Mining |
| 26:49 | Research | Stone Shaft Mining |
| 26:55 | Build | Town Center |
| 27:09 | Build | Town Center |
| 27:18 | Build | Farm |
| 27:20 | Build | Farm |
| 27:24 | Build | Farm |
| 27:27 | Build | Farm |
| 27:36 | Build | Farm |
| 27:40 | Build | Farm |
| 27:41 | Build | Settlement |
| 27:43 | Research | Treadmill Crane |
| 27:47 | Build | Farm |
| 27:50 | Build | Farm |
| 27:54 | Create | Villager (Male) |
| 27:58 | Research | Imperial Age |
| 28:04 | Research | Wheelbarrow |
| 28:08 | Create | Villager (Male) |
| 28:28 | Create | Monk |
| 28:56 | Create | Petard |
| 28:56 | Create | Petard |
| 28:56 | Create | Petard |
| 29:07 | Create | Villager (Male) |
| 29:13 | Build | Farm |
| 29:15 | Create | Villager (Male) |
| 29:16 | Create | Villager (Male) |
| 29:27 | Create | Villager (Male) |
| 29:27 | Create | Villager (Male) |
| 29:42 | Create | Villager (Male) |
| 30:02 | Build | Farm |
| 30:04 | Create | Villager (Male) |
| 30:08 | Create | Villager (Male) |
| 30:09 | Create | Villager (Male) |
| 30:11 | Build | Farm |
| 30:18 | Build | Farm |
| 30:20 | Build | Settlement |
| 30:23 | Create | Villager (Male) |
| 30:24 | Create | Villager (Male) |
| 30:29 | Build | Settlement |
| 30:35 | Build | Farm |
| 30:36 | Create | Villager (Male) |
| 30:41 | Build | Farm |
| 30:49 | Build | Farm |
| 30:50 | Create | Villager (Male) |
| 30:52 | Create | Villager (Male) |
| 30:54 | Create | Villager (Male) |
| 30:55 | Build | Farm |
| 30:57 | Create | Villager (Male) |
| 31:01 | Create | Villager (Male) |
| 31:08 | Age | Imperial Age |
Build order — Elsabrielle
First 150 of 429 actions detected
| 0:03 | Research | Loom |
| 0:03 | Create | Villager (Male) |
| 0:03 | Create | Villager (Male) |
| 0:04 | Create | Villager (Male) |
| 0:04 | Create | Villager (Male) |
| 0:04 | Create | Villager (Male) |
| 0:14 | Build | House |
| 1:05 | Build | House |
| 1:11 | Build | House |
| 1:16 | Build | House |
| 1:19 | Build | House |
| 1:23 | Build | House |
| 1:27 | Build | House |
| 1:31 | Build | House |
| 1:38 | Create | Villager (Male) |
| 2:15 | Create | Villager (Male) |
| 2:52 | Create | Villager (Male) |
| 3:18 | Create | Villager (Male) |
| 3:30 | Create | Villager (Male) |
| 3:53 | Create | Villager (Male) |
| 4:12 | Create | Villager (Male) |
| 4:13 | Create | Villager (Male) |
| 4:51 | Create | Villager (Male) |
| 4:51 | Create | Villager (Male) |
| 5:22 | Create | Villager (Male) |
| 5:43 | Create | Villager (Male) |
| 5:43 | Create | Villager (Male) |
| 5:43 | Create | Villager (Male) |
| 6:20 | Build | Lumber Camp |
| 6:23 | Create | Villager (Male) |
| 6:23 | Create | Villager (Male) |
| 6:43 | Create | Villager (Male) |
| 7:04 | Create | Villager (Male) |
| 7:04 | Create | Villager (Male) |
| 8:58 | Create | Villager (Male) |
| 8:59 | Create | Villager (Male) |
| 8:59 | Create | Villager (Male) |
| 8:59 | Create | Villager (Male) |
| 9:00 | Create | Villager (Male) |
| 9:00 | Create | Villager (Male) |
| 9:00 | Create | Villager (Male) |
| 9:47 | Build | Mill |
| 9:57 | Build | Mill |
| 11:17 | Build | Mining Camp |
| 11:24 | Build | Mining Camp |
| 11:48 | Build | Mining Camp |
| 11:55 | Build | Mining Camp |
| 12:12 | Create | Villager (Male) |
| 12:21 | Build | Mining Camp |
| 12:33 | Research | Feudal Age |
| 12:39 | Build | Mining Camp |
| 13:04 | Build | Mill |
| 13:07 | Build | Farm |
| 13:14 | Build | House |
| 13:18 | Build | House |
| 13:21 | Build | House |
| 13:25 | Build | House |
| 13:29 | Build | House |
| 13:32 | Build | House |
| 13:36 | Build | House |
| 13:40 | Build | House |
| 13:45 | Build | House |
| 13:51 | Create | Villager (Male) |
| 13:52 | Create | Villager (Male) |
| 13:52 | Create | Villager (Male) |
| 15:08 | Age | Feudal Age |
| 15:15 | Build | Mill |
| 15:18 | Build | Farm |
| 15:25 | Research | Gold Mining |
| 15:26 | Research | Stone Mining |
| 15:30 | Research | Double-Bit Axe |
| 15:33 | Create | Villager (Male) |
| 15:33 | Create | Villager (Male) |
| 15:43 | Build | Mill |
| 15:46 | Build | Farm |
| 15:56 | Create | Villager (Male) |
| 16:25 | Build | Market |
| 16:32 | Create | Villager (Male) |
| 16:32 | Create | Villager (Male) |
| 16:32 | Create | Villager (Male) |
| 17:03 | Create | Villager (Male) |
| 17:12 | Build | Blacksmith |
| 17:19 | Create | Villager (Male) |
| 17:31 | Build | Farm |
| 17:34 | Build | Farm |
| 17:37 | Build | Farm |
| 17:41 | Build | Farm |
| 17:44 | Build | Farm |
| 17:51 | Create | Villager (Male) |
| 17:51 | Create | Villager (Male) |
| 17:51 | Create | Villager (Male) |
| 17:56 | Build | Farm |
| 17:59 | Build | Farm |
| 18:03 | Build | Farm |
| 18:29 | Create | Villager (Male) |
| 18:56 | Build | Farm |
| 19:02 | Build | House |
| 19:06 | Build | House |
| 19:09 | Build | House |
| 19:13 | Build | House |
| 19:26 | Build | Farm |
| 19:36 | Create | Villager (Male) |
| 19:55 | Build | Stone Wall |
| 20:37 | Build | Farm |
| 20:52 | Create | Trade Cart |
| 20:52 | Create | Trade Cart |
| 20:53 | Create | Trade Cart |
| 20:53 | Create | Trade Cart |
| 20:54 | Create | Trade Cart |
| 21:07 | Create | Villager (Male) |
| 21:08 | Create | Villager (Male) |
| 21:08 | Create | Villager (Male) |
| 21:18 | Build | Farm |
| 21:30 | Build | House |
| 21:32 | Build | House |
| 21:36 | Build | House |
| 21:38 | Build | House |
| 21:41 | Build | House |
| 21:46 | Build | Farm |
| 21:55 | Build | Outpost |
| 21:59 | Build | Farm |
| 22:28 | Build | Stone Wall |
| 22:32 | Build | Gate |
| 22:41 | Build | Farm |
| 22:42 | Research | Castle Age |
| 22:47 | Build | Farm |
| 23:45 | Build | Stone Wall |
| 24:16 | Build | House |
| 24:19 | Build | House |
| 24:25 | Create | Villager (Male) |
| 24:26 | Create | Villager (Male) |
| 24:26 | Create | Villager (Male) |
| 24:26 | Create | Villager (Male) |
| 24:26 | Create | Villager (Male) |
| 25:14 | Research | Scale Barding Armor |
| 25:22 | Age | Castle Age |
| 25:29 | Build | Monastery |
| 25:39 | Build | Town Center |
| 25:40 | Research | Bow Saw |
| 25:44 | Research | Gold Shaft Mining |
| 25:49 | Research | Caravan |
| 25:50 | Create | Trade Cart |
| 25:50 | Create | Trade Cart |
| 26:00 | Build | Stone Wall |
| 26:05 | Build | Farm |
| 26:07 | Create | Villager (Male) |
| 26:07 | Create | Villager (Male) |
| 26:08 | Create | Villager (Male) |
| 26:15 | Create | Villager (Male) |
| 26:15 | Create | Villager (Male) |
Build order — TrueCrime
First 150 of 533 actions detected
| 0:05 | Research | Loom |
| 0:06 | Create | Villager (Male) |
| 0:06 | Create | Villager (Male) |
| 0:06 | Create | Villager (Male) |
| 0:06 | Create | Villager (Male) |
| 0:07 | Create | Villager (Male) |
| 0:10 | Build | House |
| 0:11 | Build | House |
| 0:12 | Build | House |
| 0:12 | Build | House |
| 1:42 | Create | Villager (Male) |
| 2:32 | Create | Villager (Male) |
| 3:48 | Create | Villager (Male) |
| 3:49 | Create | Villager (Male) |
| 3:49 | Create | Villager (Male) |
| 3:54 | Create | Villager (Male) |
| 4:21 | Create | Villager (Male) |
| 4:46 | Create | Villager (Male) |
| 5:21 | Create | Villager (Male) |
| 5:42 | Build | Lumber Camp |
| 5:49 | Create | Villager (Male) |
| 5:58 | Build | Mill |
| 6:10 | Create | Villager (Male) |
| 6:26 | Create | Villager (Male) |
| 7:29 | Create | Villager (Male) |
| 7:29 | Create | Villager (Male) |
| 7:45 | Create | Villager (Male) |
| 7:45 | Create | Villager (Male) |
| 8:14 | Create | Villager (Male) |
| 8:41 | Create | Villager (Male) |
| 8:54 | Build | House |
| 8:59 | Create | Villager (Male) |
| 9:21 | Create | Villager (Male) |
| 9:21 | Create | Villager (Male) |
| 9:46 | Build | House |
| 10:22 | Build | Mining Camp |
| 10:39 | Create | Villager (Male) |
| 10:40 | Create | Villager (Male) |
| 10:52 | Build | Mill |
| 11:17 | Build | Farm |
| 11:36 | Research | Feudal Age |
| 12:47 | Build | Mill |
| 13:05 | Build | Dock |
| 13:54 | Age | Feudal Age |
| 13:59 | Build | Market |
| 14:12 | Research | Wheelbarrow |
| 14:24 | Build | Stone Wall |
| 14:35 | Build | Gate |
| 14:48 | Create | Fishing Ship |
| 14:48 | Create | Fishing Ship |
| 15:29 | Create | Villager (Male) |
| 15:30 | Create | Villager (Male) |
| 15:30 | Create | Villager (Male) |
| 15:30 | Create | Villager (Male) |
| 15:30 | Create | Villager (Male) |
| 15:35 | Build | Fish Trap |
| 16:03 | Build | Mining Camp |
| 16:12 | Build | Fish Trap |
| 16:31 | Build | Stone Wall |
| 16:40 | Build | Blacksmith |
| 16:50 | Build | House |
| 16:53 | Build | House |
| 17:05 | Create | Fishing Ship |
| 17:05 | Create | Fishing Ship |
| 17:32 | Build | Lumber Camp |
| 17:49 | Build | Fish Trap |
| 17:56 | Build | House |
| 18:03 | Research | Castle Age |
| 18:26 | Build | Barracks |
| 18:32 | Build | House |
| 18:36 | Build | Fish Trap |
| 18:44 | Research | Horse Collar |
| 18:54 | Research | Scale Mail Armor |
| 18:55 | Research | Forging |
| 19:01 | Create | Fishing Ship |
| 19:05 | Build | Dock |
| 19:48 | Build | Fish Trap |
| 19:50 | Create | Fishing Ship |
| 20:05 | Build | Farm |
| 20:08 | Create | Fishing Ship |
| 20:08 | Create | Fishing Ship |
| 20:24 | Create | Fishing Ship |
| 20:25 | Create | Fishing Ship |
| 20:25 | Create | Fishing Ship |
| 20:36 | Build | Fish Trap |
| 20:43 | Age | Castle Age |
| 20:55 | Build | Fish Trap |
| 21:09 | Build | Town Center |
| 21:24 | Build | Fish Trap |
| 21:32 | Build | Fish Trap |
| 21:44 | Build | House |
| 21:45 | Build | House |
| 22:07 | Build | Fish Trap |
| 22:17 | Create | Villager (Male) |
| 22:17 | Create | Villager (Male) |
| 22:18 | Create | Villager (Male) |
| 22:18 | Create | Villager (Male) |
| 22:18 | Create | Villager (Male) |
| 22:19 | Create | Villager (Male) |
| 22:19 | Create | Villager (Male) |
| 22:27 | Build | Fish Trap |
| 22:50 | Build | Town Center |
| 23:18 | Build | Town Center |
| 23:33 | Build | House |
| 23:35 | Build | House |
| 23:35 | Build | House |
| 23:36 | Build | House |
| 24:12 | Create | Villager (Male) |
| 24:12 | Create | Villager (Male) |
| 24:12 | Create | Villager (Male) |
| 24:13 | Create | Villager (Male) |
| 24:13 | Create | Villager (Male) |
| 24:13 | Create | Villager (Male) |
| 24:14 | Create | Villager (Male) |
| 24:14 | Create | Villager (Male) |
| 24:14 | Create | Villager (Male) |
| 24:15 | Create | Villager (Male) |
| 24:15 | Create | Villager (Male) |
| 24:15 | Create | Villager (Male) |
| 24:16 | Create | Villager (Male) |
| 24:38 | Create | Villager (Male) |
| 24:39 | Create | Villager (Male) |
| 24:43 | Create | Villager (Male) |
| 24:56 | Build | Farm |
| 24:57 | Build | Farm |
| 25:03 | Build | Farm |
| 25:12 | Build | Farm |
| 25:19 | Build | Farm |
| 25:26 | Build | Farm |
| 25:27 | Build | Farm |
| 25:28 | Build | Farm |
| 25:33 | Build | Farm |
| 25:39 | Build | Farm |
| 25:45 | Build | Farm |
| 25:46 | Build | Farm |
| 25:52 | Create | Villager (Male) |
| 25:53 | Create | Villager (Male) |
| 25:53 | Create | Villager (Male) |
| 25:53 | Create | Villager (Male) |
| 25:59 | Build | Farm |
| 26:01 | Build | Farm |
| 26:08 | Build | House |
| 26:09 | Build | House |
| 26:10 | Build | House |
| 26:16 | Build | Farm |
| 26:20 | Build | Farm |
| 26:24 | Build | Farm |
| 26:29 | Create | Villager (Male) |
| 26:29 | Create | Villager (Male) |
| 26:29 | Create | Villager (Male) |
Build order — dylanbaker321
First 150 of 446 actions detected
| 0:02 | Create | Villager (Male) |
| 0:02 | Create | Villager (Male) |
| 0:03 | Create | Villager (Male) |
| 0:03 | Create | Villager (Male) |
| 0:03 | Create | Villager (Male) |
| 0:05 | Build | House |
| 0:08 | Build | House |
| 1:22 | Create | Villager (Male) |
| 1:47 | Build | Lumber Camp |
| 1:58 | Create | Villager (Male) |
| 2:29 | Create | Villager (Male) |
| 2:54 | Create | Villager (Male) |
| 2:58 | Create | Villager (Male) |
| 3:19 | Build | Mill |
| 3:23 | Build | House |
| 3:38 | Create | Villager (Male) |
| 4:21 | Create | Villager (Male) |
| 5:32 | Create | Villager (Male) |
| 5:32 | Create | Villager (Male) |
| 5:56 | Create | Villager (Male) |
| 5:58 | Build | Farm |
| 5:58 | Build | Farm |
| 5:59 | Build | Farm |
| 6:00 | Build | Farm |
| 6:04 | Create | Villager (Male) |
| 6:24 | Build | House |
| 6:37 | Create | Villager (Male) |
| 7:14 | Create | Villager (Male) |
| 7:57 | Create | Villager (Male) |
| 7:57 | Create | Villager (Male) |
| 8:41 | Create | Villager (Male) |
| 8:47 | Build | House |
| 8:55 | Create | Villager (Male) |
| 9:09 | Build | Farm |
| 9:41 | Create | Villager (Male) |
| 10:24 | Build | Farm |
| 10:27 | Create | Villager (Male) |
| 10:33 | Create | Villager (Male) |
| 10:39 | Create | Villager (Male) |
| 10:49 | Research | Feudal Age |
| 10:49 | Research | Feudal Age |
| 10:54 | Build | Mining Camp |
| 11:53 | Build | Mining Camp |
| 12:29 | Build | Mill |
| 12:45 | Create | Villager (Male) |
| 12:45 | Create | Villager (Male) |
| 12:45 | Create | Villager (Male) |
| 13:42 | Age | Feudal Age |
| 13:47 | Build | Blacksmith |
| 13:52 | Build | Market |
| 14:04 | Build | Lumber Camp |
| 14:19 | Build | House |
| 14:42 | Research | Castle Age |
| 15:11 | Build | House |
| 15:13 | Build | House |
| 15:15 | Build | House |
| 15:17 | Build | House |
| 15:19 | Build | House |
| 15:26 | Research | Horse Collar |
| 15:29 | Research | Double-Bit Axe |
| 15:33 | Build | Farm |
| 15:34 | Build | Farm |
| 15:34 | Build | Farm |
| 15:44 | Build | Farm |
| 16:32 | Create | Villager (Male) |
| 16:33 | Create | Villager (Male) |
| 16:33 | Create | Villager (Male) |
| 17:28 | Age | Castle Age |
| 17:31 | Build | Town Center |
| 17:49 | Create | Villager (Male) |
| 17:55 | Build | Town Center |
| 17:59 | Create | Villager (Male) |
| 17:59 | Create | Villager (Male) |
| 18:15 | Build | House |
| 18:16 | Build | House |
| 18:20 | Build | House |
| 18:23 | Build | House |
| 18:29 | Build | House |
| 18:31 | Build | House |
| 19:20 | Build | Town Center |
| 19:27 | Create | Villager (Male) |
| 19:27 | Create | Villager (Male) |
| 19:30 | Create | Villager (Male) |
| 19:34 | Create | Villager (Male) |
| 19:35 | Create | Villager (Male) |
| 19:36 | Create | Villager (Male) |
| 19:49 | Research | Bow Saw |
| 19:51 | Create | Villager (Male) |
| 19:51 | Create | Villager (Male) |
| 19:58 | Create | Villager (Male) |
| 19:59 | Create | Villager (Male) |
| 20:23 | Research | Heavy Plow |
| 20:25 | Create | Villager (Male) |
| 20:26 | Create | Villager (Male) |
| 20:28 | Create | Villager (Male) |
| 20:37 | Create | Villager (Male) |
| 20:38 | Create | Villager (Male) |
| 20:38 | Create | Villager (Male) |
| 20:52 | Create | Villager (Male) |
| 20:55 | Create | Villager (Male) |
| 20:56 | Create | Villager (Male) |
| 20:58 | Research | Wheelbarrow |
| 21:03 | Build | Farm |
| 21:04 | Build | Farm |
| 21:04 | Build | Farm |
| 21:04 | Build | Farm |
| 21:12 | Build | Farm |
| 21:15 | Build | Farm |
| 21:19 | Build | Farm |
| 21:22 | Create | Villager (Male) |
| 21:22 | Create | Villager (Male) |
| 21:22 | Create | Villager (Male) |
| 21:26 | Create | Villager (Male) |
| 21:28 | Create | Villager (Male) |
| 21:29 | Create | Villager (Male) |
| 21:30 | Create | Villager (Male) |
| 21:38 | Build | Farm |
| 21:44 | Build | Farm |
| 21:44 | Build | Farm |
| 21:45 | Build | Farm |
| 21:55 | Build | Farm |
| 21:56 | Build | Farm |
| 21:59 | Build | Farm |
| 22:02 | Create | Villager (Male) |
| 22:03 | Create | Villager (Male) |
| 22:04 | Create | Villager (Male) |
| 22:04 | Create | Villager (Male) |
| 22:14 | Create | Villager (Male) |
| 22:20 | Build | Farm |
| 22:20 | Build | Farm |
| 22:22 | Build | Farm |
| 22:27 | Build | Farm |
| 22:29 | Build | Farm |
| 22:34 | Build | Farm |
| 22:36 | Create | Villager (Male) |
| 22:38 | Create | Villager (Male) |
| 22:40 | Create | Villager (Male) |
| 22:56 | Build | Lumber Camp |
| 23:14 | Create | Villager (Male) |
| 23:16 | Create | Villager (Male) |
| 23:17 | Create | Villager (Male) |
| 23:17 | Create | Villager (Male) |
| 23:18 | Create | Villager (Male) |
| 23:19 | Create | Villager (Male) |
| 23:25 | Build | Farm |
| 23:26 | Build | Farm |
| 23:27 | Build | Farm |
| 23:28 | Build | Farm |
| 23:43 | Build | Mill |
| 23:44 | Build | Farm |
Build order — demir perde
First 150 of 403 actions detected
| 0:02 | Create | Villager (Male) |
| 0:02 | Create | Villager (Male) |
| 0:03 | Create | Villager (Male) |
| 0:05 | Build | House |
| 0:09 | Create | Villager (Male) |
| 0:09 | Create | Villager (Male) |
| 0:11 | Build | House |
| 1:11 | Research | Loom |
| 1:41 | Create | Villager (Male) |
| 2:37 | Create | Villager (Male) |
| 2:37 | Create | Villager (Male) |
| 2:50 | Create | Villager (Male) |
| 2:50 | Create | Villager (Male) |
| 3:12 | Build | House |
| 3:38 | Build | House |
| 3:42 | Build | House |
| 3:46 | Build | Palisade Wall |
| 4:33 | Create | Villager (Male) |
| 4:33 | Create | Villager (Male) |
| 4:33 | Create | Villager (Male) |
| 4:53 | Create | Villager (Male) |
| 5:40 | Build | Donjon |
| 6:09 | Create | Villager (Male) |
| 6:10 | Create | Villager (Male) |
| 6:14 | Create | Villager (Male) |
| 7:07 | Create | Villager (Male) |
| 7:08 | Create | Villager (Male) |
| 7:24 | Create | Villager (Male) |
| 7:31 | Create | Villager (Male) |
| 7:31 | Create | Villager (Male) |
| 7:43 | Create | Villager (Male) |
| 9:29 | Create | Villager (Male) |
| 9:31 | Build | House |
| 9:32 | Build | House |
| 10:16 | Build | Mill |
| 10:18 | Create | Villager (Male) |
| 10:55 | Build | Lumber Camp |
| 11:02 | Create | Villager (Male) |
| 11:19 | Research | Feudal Age |
| 11:44 | Create | Villager (Male) |
| 12:12 | Build | Dock |
| 12:23 | Build | Outpost |
| 13:06 | Build | Outpost |
| 13:09 | Create | Villager (Male) |
| 13:12 | Create | Fishing Ship |
| 13:29 | Age | Feudal Age |
| 13:50 | Create | Villager (Male) |
| 14:08 | Build | Outpost |
| 14:10 | Build | Palisade Wall |
| 14:21 | Build | House |
| 14:22 | Build | House |
| 14:27 | Create | Fishing Ship |
| 14:34 | Build | Farm |
| 14:41 | Build | Barracks |
| 14:47 | Build | Farm |
| 14:49 | Create | Villager (Male) |
| 14:51 | Research | Double-Bit Axe |
| 15:05 | Create | Villager (Male) |
| 15:09 | Build | Farm |
| 15:11 | Create | Fishing Ship |
| 15:35 | Build | Mining Camp |
| 15:39 | Create | Villager (Male) |
| 15:54 | Build | Lumber Camp |
| 16:00 | Create | Villager (Male) |
| 16:03 | Build | House |
| 16:07 | Build | House |
| 16:23 | Create | Villager (Male) |
| 16:25 | Research | Tech 906 |
| 16:39 | Create | Villager (Male) |
| 16:49 | Create | Fishing Ship |
| 16:51 | Build | Mill |
| 17:07 | Create | Villager (Male) |
| 17:11 | Build | House |
| 17:22 | Create | Villager (Male) |
| 17:28 | Build | House |
| 17:37 | Create | Fishing Ship |
| 17:55 | Create | Villager (Male) |
| 18:09 | Build | Market |
| 18:11 | Create | Villager (Male) |
| 18:36 | Build | Barracks |
| 18:38 | Create | Villager (Male) |
| 18:48 | Build | Palisade Gate |
| 18:50 | Build | House |
| 19:01 | Create | Spearman |
| 19:05 | Create | Villager (Male) |
| 19:15 | Build | Farm |
| 19:18 | Build | Farm |
| 19:28 | Build | Farm |
| 19:31 | Build | Farm |
| 19:34 | Create | Fishing Ship |
| 19:45 | Build | Blacksmith |
| 19:48 | Build | House |
| 19:50 | Create | Fishing Ship |
| 19:52 | Create | Villager (Male) |
| 19:58 | Build | Mill |
| 20:04 | Create | Fishing Ship |
| 20:07 | Create | Villager (Male) |
| 20:12 | Build | Farm |
| 21:05 | Research | Castle Age |
| 21:05 | Research | Castle Age |
| 21:12 | Build | Mining Camp |
| 21:26 | Research | Tech 906 |
| 21:41 | Build | Fish Trap |
| 21:44 | Build | Fish Trap |
| 21:57 | Build | Fish Trap |
| 22:03 | Build | Fish Trap |
| 22:09 | Build | Fish Trap |
| 22:15 | Build | Fish Trap |
| 22:23 | Build | Fish Trap |
| 22:30 | Build | Fish Trap |
| 22:34 | Create | Fishing Ship |
| 22:46 | Research | Man-at-Arms (upgrade) |
| 22:48 | Research | Arson |
| 22:49 | Create | Militia |
| 22:49 | Create | Militia |
| 23:05 | Research | Gold Mining |
| 23:15 | Create | Fishing Ship |
| 23:22 | Build | Fish Trap |
| 23:45 | Age | Castle Age |
| 23:46 | Build | Dock |
| 23:51 | Research | Bow Saw |
| 23:53 | Research | Horse Collar |
| 23:57 | Create | Militia |
| 23:57 | Create | Militia |
| 23:58 | Create | Militia |
| 23:58 | Create | Militia |
| 23:59 | Create | Militia |
| 24:01 | Create | Villager (Male) |
| 24:23 | Create | Fishing Ship |
| 24:25 | Create | Villager (Male) |
| 24:43 | Build | Siege Workshop |
| 24:52 | Create | Villager (Male) |
| 24:53 | Create | Villager (Male) |
| 24:59 | Build | House |
| 25:00 | Build | House |
| 25:01 | Build | House |
| 25:20 | Build | House |
| 25:21 | Build | House |
| 25:22 | Build | House |
| 25:25 | Build | House |
| 25:26 | Build | House |
| 25:29 | Build | House |
| 25:30 | Build | House |
| 25:37 | Create | Villager (Male) |
| 25:42 | Research | Wheelbarrow |
| 25:49 | Create | Fishing Ship |
| 25:49 | Create | Fishing Ship |
| 25:53 | Build | Fish Trap |
| 26:08 | Create | Fishing Ship |
| 26:08 | Create | Fishing Ship |
Match timeline
| 1:25 | kylebakerclark · wall_segment Palisade Wall x26 |
| 3:29 | ftgiants · wall_segment Palisade Wall x3 |
| 3:46 | demir perde · wall_segment Palisade Wall x2 |
| 4:02 | ftgiants · wall_segment Palisade Wall x1 |
| 4:05 | ftgiants · wall_segment Palisade Wall x1 |
| 4:06 | ftgiants · wall_segment Palisade Wall x1 |
| 4:18 | ftgiants · wall_segment Palisade Wall x7 |
| 5:12 | ftgiants · wall_segment Palisade Wall x2 |
| 5:40 | demir perde · first_building Donjon |
| 5:50 | ftgiants · wall_segment Palisade Wall x1 |
| 10:35 | kylebakerclark · first_building Barracks |
| 10:43 | mathias.olmos.r · wall_segment Palisade Wall x7 |
| 11:25 | mathias.olmos.r · age_up feudal |
| 11:56 | ftgiants · wall_segment Palisade Wall x1 |
| 12:10 | mathias.olmos.r · wall_segment Stone Wall x5 |
| 12:12 | demir perde · first_building Dock |
| 12:22 | mathias.olmos.r · wall_segment Stone Wall x27 |
| 13:05 | TrueCrime · first_building Dock |
| 13:15 | ftgiants · age_up feudal |
| 13:18 | kylebakerclark · wall_segment Palisade Wall x1 |
| 13:29 | demir perde · age_up feudal |
| 13:42 | dylanbaker321 · age_up feudal |
| 13:43 | ftgiants · first_building Barracks |
| 13:45 | kylebakerclark · wall_segment Palisade Wall x1 |
| 13:46 | mathias.olmos.r · wall_segment Stone Wall x1 |
| 13:49 | ftgiants · wall_segment Stone Wall x1 |
| 13:54 | TrueCrime · age_up feudal |
| 14:01 | kylebakerclark · first_building Dock |
| 14:10 | demir perde · wall_segment Palisade Wall x1 |
| 14:24 | TrueCrime · wall_segment Stone Wall x10 |
| 14:41 | demir perde · first_building Barracks |
| 15:01 | ftgiants · first_building Archery Range |
| 15:08 | Elsabrielle · age_up feudal |
| 15:37 | Whitespooky · first_building Barracks |
| 16:00 | kylebakerclark · age_up feudal |
| 16:10 | kylebakerclark · first_building Archery Range |
| 16:31 | TrueCrime · wall_segment Stone Wall x11 |
| 17:04 | ftgiants · wall_segment Stone Wall x1 |
| 17:28 | dylanbaker321 · age_up castle |
| 17:45 | mathias.olmos.r · age_up castle |
| 17:53 | kylebakerclark · wall_segment Stone Wall x31 |
| 18:26 | TrueCrime · first_building Barracks |
| 19:06 | Whitespooky · age_up feudal |
| 19:53 | Whitespooky · first_building Archery Range |
| 19:55 | Elsabrielle · wall_segment Stone Wall x6 |
| 20:43 | TrueCrime · age_up castle |
| 20:46 | mathias.olmos.r · first_building Castle |
| 21:01 | mathias.olmos.r · first_market_sell 100 stone |
| 21:05 | mathias.olmos.r · first_market_buy 100 food |
| 22:02 | ftgiants · age_up castle |
| 22:22 | kylebakerclark · wall_segment Stone Wall x10 |
| 22:24 | kylebakerclark · wall_segment Stone Wall x9 |
| 22:28 | Elsabrielle · wall_segment Stone Wall x4 |
| 22:52 | mathias.olmos.r · first_building Barracks |
| 23:12 | TrueCrime · first_market_buy 100 wood |
| 23:45 | demir perde · age_up castle |
| 23:45 | Elsabrielle · wall_segment Stone Wall x5 |
| 24:05 | mathias.olmos.r · first_building Siege Workshop |
| 24:15 | dylanbaker321 · first_building Monastery |
| 24:28 | mathias.olmos.r · first_building Monastery |
| 24:33 | ftgiants · first_building Siege Workshop |
| 24:35 | kylebakerclark · wall_segment Stone Wall x5 |
| 24:43 | demir perde · first_building Siege Workshop |
| 25:22 | Elsabrielle · age_up castle |
| 25:29 | Elsabrielle · first_building Monastery |
| 26:00 | Elsabrielle · wall_segment Stone Wall x12 |
| 26:05 | kylebakerclark · age_up castle |
| 26:11 | Whitespooky · age_up castle |
| 26:20 | Whitespooky · first_building Monastery |
| 26:41 | Elsabrielle · first_building Castle |
| 26:48 | dylanbaker321 · first_building Barracks |
| 28:49 | TrueCrime · first_building Archery Range |
| 28:58 | dylanbaker321 · first_building Stable |
| 29:29 | dylanbaker321 · first_market_sell 500 food |
| 29:29 | mathias.olmos.r · first_building Stable |
| 29:31 | ftgiants · age_up imperial |
| 29:42 | dylanbaker321 · first_market_buy 100 food |
| 30:30 | ftgiants · first_building Stable |
| 30:36 | demir perde · first_market_sell 100 food |
| 30:41 | TrueCrime · first_building Monastery |
| 31:08 | Whitespooky · age_up imperial |
| 31:35 | demir perde · first_building Monastery |
| 31:43 | kylebakerclark · first_building Castle |
| 32:35 | Elsabrielle · first_building Barracks |
| 32:38 | dylanbaker321 · age_up imperial |
| 33:06 | demir perde · first_building Castle |
| 33:51 | Elsabrielle · first_building Stable |
| 33:54 | Elsabrielle · age_up imperial |
| 33:55 | demir perde · first_building Stable |
| 34:29 | ftgiants · first_building Castle |
| 34:46 | kylebakerclark · wall_segment Stone Wall x1 |
| 35:00 | dylanbaker321 · first_building Castle |
| 35:29 | TrueCrime · age_up imperial |
| 35:52 | TrueCrime · first_building Castle |
| 35:55 | Whitespooky · first_building Castle |
| 38:06 | demir perde · age_up imperial |
| 38:27 | TrueCrime · first_market_sell 100 wood |
| 39:04 | TrueCrime · first_building Stable |
| 39:46 | Whitespooky · wall_segment Stone Wall x4 |
| 40:07 | mathias.olmos.r · age_up imperial |
| 40:28 | demir perde · wall_segment Stone Wall x1 |
| 42:04 | Whitespooky · wall_segment Stone Wall x1 |
| 42:04 | Whitespooky · wall_segment Stone Wall x1 |
| 42:07 | Whitespooky · wall_segment Stone Wall x1 |
| 42:07 | Whitespooky · wall_segment Stone Wall x1 |
| 42:11 | Whitespooky · wall_segment Stone Wall x1 |
| 42:12 | Whitespooky · wall_segment Stone Wall x1 |
| 42:14 | Whitespooky · wall_segment Stone Wall x1 |
| 42:15 | Whitespooky · wall_segment Stone Wall x1 |
| 42:16 | Whitespooky · wall_segment Stone Wall x1 |
| 42:17 | Whitespooky · wall_segment Stone Wall x1 |
| 42:18 | Whitespooky · wall_segment Stone Wall x1 |
| 42:19 | Whitespooky · wall_segment Stone Wall x1 |
| 42:21 | Whitespooky · wall_segment Stone Wall x1 |
| 42:21 | Whitespooky · wall_segment Stone Wall x1 |
| 42:22 | Whitespooky · wall_segment Stone Wall x1 |
| 43:31 | Elsabrielle · first_building Siege Workshop |
| 44:10 | kylebakerclark · wall_segment Stone Wall x1 |
| 44:16 | Whitespooky · first_building Siege Workshop |
| 46:22 | kylebakerclark · age_up imperial |
| 46:33 | ftgiants · first_market_sell 500 stone |
| 46:38 | kylebakerclark · wall_segment Stone Wall x13 |
| 47:06 | demir perde · first_market_buy 100 wood |
| 47:28 | Elsabrielle · first_building Archery Range |
| 49:25 | mathias.olmos.r · wall_segment Palisade Wall x1 |
| 49:27 | mathias.olmos.r · wall_segment Palisade Wall x1 |
| 50:03 | mathias.olmos.r · wall_segment Stone Wall x11 |
| 51:33 | mathias.olmos.r · resign |
[ AI ANALYSIS · 1 CREDIT ]
What really happened in this match?
Wolo.gg analyzes every decision: build order, eco, micro, common mistakes by bracket. Personalized analysis on WhatsApp or Discord in 30 seconds.
Civ guide
Ethiopians
Perfil
Jugador #2239786